Map: King Sejong Station LE

Players

Atomic

  • Race: Terran Terran

Miszu - Winner!

  • Race: Terran Terran
  • League: Master

VOD

Have the link to the VOD?

Description

Time

  • Played on: June 20, 2016, 1:38 p.m.
  • Length: 14:03
Show
View Real Time Build Order
Export as new Build Order

Atomic Terran 

Build Orders: 1/1/1, MMM Bio 

Get SALT Encoding   

  12  0:00  SCV  
  13  0:13  SCV  
  14  0:18  Supply Depot  
  14  0:25  SCV  
  15  0:31  Refinery  
  15  0:39  SCV  
  16  0:48  Barracks  
  16  0:54  SCV  
  17  1:06  SCV  
  18  1:18  SCV  
  19  1:35  Marine, Orbital Command  
  19  1:38  Factory  
  20  1:46  Supply Depot  
  20  1:53  Marine  
  21  2:00  SCV  
  22  2:11  Marine  
  22  2:12  SCV  
  24  2:19  Supply Depot  
  24  2:22  Starport, Hellion  
  26  2:26  SCV  
  26  2:29  Marine  
  28  2:44  Hellion  
  30  2:46  Marine  
  31  2:58  Command Center  
  31  3:00  Medivac  
  31  3:04  Marine  
  34  3:06  Hellion  
  36  3:12  Supply Depot  
  36  3:17  SCV  
  37  3:23  Barracks Reactor  
  37  3:29  SCV  
  37  3:30  Refinery  
  37  3:31  Factory Tech Lab  
  34  3:51  SCV  
  33  3:59  Marine  
  33  4:00  Marine  
  33  4:02  Viking  
  37  4:12  Orbital Command  
  37  4:14  Factory Tech Lab  
  37  4:20  Barracks  
  37  4:23  SCV  
  38  4:31  Orbital Command  
  37  4:32  Marine  
  37  4:34  Stimpack  
  37  4:35  SCV  
  39  4:47  SCV  
  39  4:49  Siege Tank  
  39  4:52  Marine  
  43  4:54  Engineering Bay, Barracks  
  43  4:59  SCV  
  45  5:06  SCV  
  46  5:10  Starport Reactor, Marine x2  
  46  5:11  SCV  
  49  5:18  SCV  
  49  5:20  Marine  
  51  5:22  Siege Tank  
  51  5:23  SCV  
  51  5:25  Supply Depot  
  51  5:27  Supply Depot, Marine  
  56  5:30  SCV  
  56  5:35  SCV  
  57  5:38  Missile Turret  
  56  5:43  SCV, Missile Turret  
  56  5:45  Missile Turret  
  56  5:49  SCV  
  58  5:55  SCV  
  56  5:57  Terran Infantry Weapons Level 1  
  56  5:58  Supply Depot  
  56  6:01  Marine, SCV  
  56  6:02  Marine  
  59  6:07  SCV  
  58  6:13  SCV  
  58  6:14  Marine  
  58  6:15  Marine  
  61  6:19  SCV  
  61  6:24  Viking x2  
  61  6:25  SCV  
  67  6:29  Marine  
  67  6:30  Marine  
  67  6:31  SCV  
  67  6:32  Marine  
  70  6:37  SCV  
  72  6:42  Combat Shields  
  72  6:43  Supply Depot, SCV  
  73  6:49  SCV  
  73  6:55  SCV  
  72  7:01  SCV  
  72  7:08  SCV  
  71  7:10  Marine x2  
  71  7:11  Marine  
  71  7:13  Marine  
  71  7:14  SCV  
  75  7:20  SCV  
  75  7:26  SCV  
  75  7:27  Viking x2  
  75  7:28  Marine x2  
  82  7:32  SCV  
  82  7:34  Marine x2  
  85  7:38  SCV  
  85  7:40  Siege Tank  
  85  7:43  Refinery  
  85  7:44  Refinery, SCV  
  90  7:48  Supply Depot  
  90  7:50  Marine, SCV  
  90  7:51  Marine  
  93  7:56  SCV  
  94  8:05  Command Center  
  94  8:09  Marine, Medivac, SCV x2  
  99  8:20  Supply Depot  
  99  8:21  Terran Infantry Armor Level 1, SCV x2  
  101  8:28  Supply Depot  
  101  8:33  SCV  
  102  8:41  Marine x2  
  102  8:42  SCV  
  102  8:45  SCV  
  106  8:56  Missile Turret  
  106  8:57  Marine, SCV  
  106  8:58  Marauder, SCV  
  106  8:59  Marine  
  110  9:06  Marine  
  110  9:09  SCV  
  109  9:15  Marine  
  110  9:17  Marine  
  110  9:19  Marauder  
  106  9:29  Marine  
  106  9:30  SCV  
  89  9:33  Marine  
  89  9:35  Orbital Command  
  89  9:37  Engineering Bay  
  85  9:38  Marine  
  85  9:39  Siege Tank, Armory  
  85  9:40  Supply Depot, Medivac x2, Marauder  
  85  9:42  Barracks  
  85  9:43  Barracks, SCV x2  
  97  9:47  Marine  
  97  9:50  Marine  
  99  9:56  Marine  
  100  10:01  Marine  
  100  10:05  Marine  
  102  10:08  Marine  
  102  10:11  Siege Tank  
  106  10:14  Marine  
  106  10:19  Marine  
  108  10:23  Marine  
  108  10:26  Marine  
  109  10:32  Marine  
  106  10:37  Marine  
  106  10:41  Marine  
  103  10:43  Siege Tank  
  103  10:44  Marine  
  92  10:50  Marine  
  92  10:53  Medivac x2  
  92  10:55  Marine  
  96  10:59  Marine x3  
  96  11:00  Terran Infantry Armor Level 2, Terran Infantry Weapons Level 2  
  96  11:01  SCV x2, Terran Vehicle Weapons Level 1  
  96  11:02  Marine  
  97  11:08  Marine  
  92  11:13  Marine, SCV x2  
  92  11:16  Marine  
  92  11:17  Marine x2, Siege Tank  
  101  11:19  Marine  
  99  11:25  SCV  
  82  11:37  Marine x2  
  66  11:42  Marine  
  65  11:54  Orbital Command  
  53  12:21  Marine  
  53  12:22  Orbital Command  
  54  12:29  SCV  
  55  12:37  Marine x2  
  55  12:38  Marine  
  55  12:41  Marine, SCV  
  60  12:48  SCV  
  61  12:52  Refinery  
  61  12:53  SCV  
  61  12:54  Marine  
  63  13:00  SCV  
  63  13:01  Marine x5  
  70  13:05  SCV  
  70  13:12  Marine, SCV  
  70  13:17  SCV  
  70  13:19  Marine x4  
  75  13:24  SCV  
  76  13:28  Marine  
  76  13:29  Marine, Siege Tank, SCV  
  80  13:36  Marine, SCV  
  80  13:37  Marine x2  
  83  13:42  SCV  
  69  13:49  SCV  
Show
View Real Time Build Order
Export as new Build Order

Miszu Terran - Winner!

Build Orders: 1/1/1, MMM Bio 

Get SALT Encoding   

  12  0:01  SCV  
  13  0:13  SCV  
  14  0:17  Supply Depot  
  14  0:25  SCV  
  14  0:27  Refinery  
  15  0:39  SCV  
  16  0:45  Barracks  
  16  0:51  SCV  
  17  0:59  Refinery  
  17  1:03  SCV  
  18  1:15  SCV  
  20  1:33  Factory  
  20  1:34  Orbital Command  
  20  1:35  Reaper  
  20  1:43  Supply Depot  
  20  2:00  SCV  
  21  2:07  Reaper  
  22  2:12  SCV  
  22  2:14  Supply Depot  
  23  2:17  Hellion  
  23  2:22  Starport  
  25  2:24  SCV  
  25  2:29  Supply Depot  
  26  2:36  SCV  
  27  2:38  Hellion  
  27  2:41  Reaper  
  30  2:49  SCV  
  31  2:51  Supply Depot  
  30  2:59  Medivac  
  30  3:01  Hellion  
  35  3:26  Factory Tech Lab  
  35  3:34  Command Center  
  34  3:39  SCV  
  32  4:01  Barracks Reactor  
  32  4:04  Cloaking Field, Banshee  
  32  4:05  Factory Tech Lab  
  35  4:12  SCV  
  36  4:29  SCV  
  36  4:31  Siege Tank  
  40  4:35  Engineering Bay  
  40  4:38  Marine x2  
  40  4:40  Barracks  
  40  4:41  Barracks, SCV  
  43  4:45  Orbital Command  
  43  4:53  SCV  
  40  5:05  Marine x2, Banshee  
  42  5:09  SCV  
  42  5:12  Terran Infantry Weapons Level 1  
  42  5:13  Orbital Command  
  43  5:18  Siege Tank  
  43  5:21  SCV  
  47  5:23  Supply Depot, Marine x2  
  47  5:28  Barracks Tech Lab x2  
  49  5:33  SCV  
  50  5:42  Marine  
  50  5:43  Marine  
  50  5:45  SCV  
  50  5:47  Stimpack  
  53  6:00  Siege Tank  
  53  6:01  SCV  
  57  6:08  Starport Reactor  
  56  6:14  SCV x2, Combat Shields  
  58  6:19  Supply Depot  
  58  6:24  Marine x4  
  62  6:26  SCV x2  
  62  6:32  Siege Tank  
  67  6:34  Supply Depot, Refinery  
  67  6:38  Refinery, SCV  
  67  6:39  SCV  
  69  6:41  Marine  
  69  6:42  Supply Depot  
  70  6:48  Marine x2  
  70  6:50  SCV  
  70  6:51  SCV  
  70  6:52  Marine  
  70  6:53  Medivac  
  77  7:03  Marine  
  77  7:06  Marine  
  76  7:09  Marine  
  76  7:10  Marine  
  76  7:12  Medivac, SCV x2  
  76  7:13  Supply Depot  
  79  7:21  Marine  
  78  7:24  SCV x2  
  80  7:35  Marine x3  
  80  7:36  Missile Turret x2  
  83  7:39  Marine, Missile Turret  
  83  7:41  Medivac, Missile Turret  
  83  7:42  Medivac  
  88  7:52  SCV x2  
  88  7:55  Command Center  
  90  8:00  Siege Tank  
  90  8:04  SCV x2  
  95  8:10  Marine x2  
  95  8:11  Marine x2  
  92  8:35  Marine  
  92  8:37  Marine x3  
  92  8:40  Siege Tank  
  96  8:51  SCV  
  96  8:52  SCV  
  96  8:53  Marine  
  96  8:54  Marine  
  96  8:55  Marine x2  
  92  9:11  Marine  
  92  9:12  Marine  
  92  9:13  Marine  
  75  9:40  Marine  
  75  9:45  SCV  
  77  9:52  Refinery  
  77  9:54  SCV  
  77  9:55  Orbital Command  
  78  10:00  Marine x3  
  81  10:08  Siege Tank  
  81  10:12  Marine  
  81  10:13  Terran Infantry Armor Level 1  
  85  10:27  Marine  
  85  10:29  Marine  
  85  10:30  Marine x2  
  72  10:45  Marine  
  72  10:47  Marine  
  72  10:48  Marine x2  
  62  11:03  Marine  
  63  11:04  Medivac  
  63  11:05  Marine x2  
  63  11:06  Marine  
  68  11:16  Siege Tank  
  71  11:21  Marine  
  71  11:23  Marine x3  
  69  11:38  Marine  
  65  11:41  Marine x3  
  68  11:47  Medivac  
  69  11:56  Marine  
  69  11:58  Marine  
  69  11:59  Marine  
  68  12:07  Marine  
  65  12:14  Marine  
  67  12:15  SCV  
  67  12:16  Marine  
  67  12:17  Marine  
  69  12:24  Orbital Command  
  69  12:25  Marine  
  69  12:26  SCV  
  69  12:27  SCV  
  72  12:32  Marine  
  72  12:36  Marine  
  72  12:37  Marine  
  74  12:38  SCV  
  74  12:39  SCV  
  79  12:45  Siege Tank  
  79  12:50  SCV  
  81  12:51  SCV  
  81  12:56  SCV  
  80  13:07  SCV  
  79  13:14  Marine  
  79  13:15  Marine x3  
  83  13:24  SCV  
  83  13:25  SCV x2  
  81  13:32  Marine  
  81  13:33  Marine x3  
Tags
 
Composition
MMM BioMMM Bio
League
Master
Matchup
TvT
Opening
1/1/11/1/1
Player
Miszu
Race
Terran
Add a new tag
Caveats
  • Supply blocks, unpowered buildings, or Contaminate may cause inaccurate times.
  • Supply counts are checked every 10 seconds.